 Dungeon Crawl Stone Soup version 0.28.0-53-g5a82cb258f (webtiles) character file.

Game seed: 6608376302158616201

266 styxcanada the Covert (level 6, -2/30 HPs)
             Began as a Spriggan Brigand on July 30, 2022.
             Killed from afar by an orc wizard (5 damage)
             ... with a puff of flame
             ... on level 3 of the Dungeon.
             The game lasted 00:10:55 (2674 turns).

styxcanada the Covert (Spriggan Brigand)            Turns: 2674, Time: 00:10:56

Health: -2/30      AC:  3    Str:  7    XL:     6   Next: 0%
Magic:  7/7        EV: 18    Int: 13    God:
Gold:   97         SH:  0    Dex: 18    Spells: 5/5 levels left

rFire   . . .      SeeInvis +   a - +3 dagger
rCold   . . .      Faith    .   (no shield)
rNeg    . . .      Spirit   .   b - +0 robe
rPois   .          Reflect  .   (helmet restricted)
rElec   .          Harm     .   c - +0 cloak
rCorr   .          Rampage  .   (gloves unavailable)
Will    +....                   (boots unavailable)
Stlth   ++++......              (no amulet)
HPRegen 0.10/turn               (no ring)
MPRegen 0.10/turn               (no ring)

@: brilliant, hasted, very quick
A: very small, no large weapons, unfitting armour, see invisible, speed 3
a: no special abilities


You were on level 3 of the Dungeon.
You visited 1 branch of the dungeon, and saw 3 of its levels.

You collected 97 gold pieces.

Inventory:

Hand Weapons
 a - a +3 dagger (weapon)
Missiles
 d - 2 poisoned darts (quivered)
 e - 2 curare-tipped darts
 k - 106 stones
Armour
 b - a +0 robe (worn)
 c - a +0 cloak (worn)
Jewellery
 o - a ring of fire
Potions
 f - a potion of haste
 j - a potion of attraction {unknown}
 m - 3 potions of heal wounds {unknown}


   Skills:
 * Level 2.3 Fighting
 + Level 2.9 Short Blades
 + Level 2.5 Throwing
 * Level 3.1 Dodging
 * Level 9.2 Stealth


You had 5 spell levels left.
You didn't know any spells.
Your spell library contained the following spells:

 Spells                   Type           Power      Damage    Failure   Level
 Animate Skeleton         Necr           0%         N/A       30%         1
 Pain                     Necr           0%         1d4       30%         1
 Corpse Rot               Necr/Air       0%         N/A       43%         2
 Vampiric Draining        Necr           0%         2d6       67%         3
 Dispel Undead            Necr           0%         3d6       97%         4
 Death Channel            Necr           0%         N/A       100%        6


Dungeon Overview and Level Annotations

Branches:
Dungeon (3/15)

Altars:
Zin


Innate Abilities, Weirdness & Mutations

You are very small and have problems with some larger weapons.
You are too small for most types of armour.
You have supernaturally acute eyesight. (SInv)
You cover ground extremely quickly. (Speed+++)


Message History

Press: ? - help, Q - select action, (/) - cycle Shift-Dir - straight line, f/p - orc wizard
Aim: an orc wizard, wielding a +0 dagger and wearing a +0 robe (slightly transparent, 56% to hit)
You throw a poisoned dart. The poisoned dart hits the orc wizard.
The orc wizard is poisoned.
The orc wizard casts a spell at you.
You are confused.
You bump into the rock wall.
You're too confused to move!
The orc wizard gestures at you while chanting.
The magic dart hits you!
* * * LOW HITPOINT WARNING * * *
Non-targeted confused throw: 4 darts (poison)
Press: ? - help, Q - select action, (/) - cycle Dir - look around, f - activate You throw a poisoned dart.
It was a potion of haste.
You feel yourself speed up.
It was a potion of brilliance.
You feel clever all of a sudden.
It was a potion of curing.
You feel better.
The orc wizard looks more healthy.
The orc wizard points at you and mumbles some strange words.
The magic dart hits you.
* * * LOW HITPOINT WARNING * * *
Throw: 3 darts (poison)
Press: ? - help, Q - select action, (/) - cycle Shift-Dir - straight line, f - orc wizard
Aim: an orc wizard, wielding a +0 dagger and wearing a +0 robe (moderately wounded, slightly transparent, 56% to hit)
You throw a poisoned dart. The poisoned dart hits the orc wizard.
The orc wizard is poisoned.
The orc wizard is moderately wounded.
The orc wizard closely misses you.
You hit the orc wizard.
The orc wizard is heavily wounded.
You hit the orc wizard.
The orc wizard is severely wounded.
The orc wizard barely misses you.
You closely miss the orc wizard.
The orc wizard is severely wounded.
You hit the orc wizard but do no damage.
The orc wizard is severely wounded.
The orc wizard casts a spell at you. The puff of flame hits you.
You die...

#.............# #.#.#.#
#<......##....# #.#.#.#
#.......##.##.####.#.#.#
#....................#.#
###.......##.##.####...#.#
..........##...........#.##
###.............#####.....#
..†.########.########..####
###.# #.....@oJ.(.(#
###.### #.##########.#####
#### #.....# #># #.†...#
#!.. #.....#####.# #.#(###
... ..._........#
#...(######. #.....##.####
#..#...((J.. #.....##.#
##...#####.. ###.####.#
##.## #.. #.# #.# .... #.#


You could see an orc wizard (invisible, poisoned) and an endoplasm.

Vanquished Creatures
  An ogre (D:3)
  An orc priest (D:3)
  Jessica (D:3)
  An iguana (D:3)
  Natasha (D:3)
  3 adders
  An orc (D:3)
  2 ball pythons
  3 bats
  5 endoplasms
  5 giant cockroaches
  3 goblins
  2 hobgoblins (D:3)
  3 jackals (D:1)
  2 quokkas
  6 frilled lizards
  5 kobolds
  5 rats
50 creatures vanquished.

Notes
Turn   | Place    | Note
-------+----------+-------------------------------------------
     0 | D:1      | styxcanada the Spriggan Brigand began the quest for the
                  | Orb.
     0 | D:1      | Reached XP level 1. HP: 10/10 MP: 2/2
    37 | D:1      | Reached skill level 6 in Stealth
   562 | D:1      | Reached XP level 2. HP: 14/14 MP: 3/3
   868 | D:1      | Reached skill level 7 in Stealth
  1079 | D:1      | Reached XP level 3. HP: 17/18 MP: 4/4
  2049 | D:3      | Noticed Jessica
  2050 | D:3      | Killed Jessica
  2051 | D:3      | Reached XP level 4. HP: 23/23 MP: 5/5
  2082 | D:3      | Found a glowing silver altar of Zin.
  2534 | D:3      | Reached skill level 8 in Stealth
  2538 | D:3      | Noticed an ogre
  2562 | D:3      | Noticed Natasha
  2569 | D:3      | Killed Natasha
  2573 | D:3      | Killed an ogre
  2574 | D:3      | Reached XP level 5. HP: 26/26 MP: 6/6
  2626 | D:3      | Reached skill level 9 in Stealth
  2657 | D:3      | Reached XP level 6. HP: 11/30 MP: 7/7
  2665 | D:3      | HP: 1/30 [orc wizard/magic dart (11)]
  2674 | D:3      | Killed from afar by an orc wizard

Illustrated notes

Levels and vault maps discovered:
D:1:      wander_arrival_fairy_ring, layout_basic, minmay_surrounded
D:2:      layout_loops_ring
D:3:      layout_loops_ring, nicolae_overflow_crystal_walls,
          chequers_serial_rivers_room_b, uniq_natasha, uniq_jessica,
          uniq_crazy_yiuf_cottage

Skill      XL: |  1  2  3  4  5 |
---------------+----------------+-----
Stealth        | 6 7 8 9 |  9.2
Fighting       | 2 |  2.3
Dodging        | 2 3 |  3.1
Short Blades   | |  2.9
Throwing       | |  2.5

Action                   |  1- 3 |  4- 6 || total
-------------------------+-------+-------++-------
Melee: Dagger            |   115 |    37 ||   152
       Punch             |     1 |       ||     1
Throw: Dart              |     2 |    20 ||    22
  Use: Scroll            |     3 |     4 ||     7
       Potion            |       |     3 ||     3
 Stab: Sleeping          |    16 |     7 ||    23
       Distracted        |       |     1 ||     1
Armor: Robe              |    15 |     4 ||    19
Dodge: Dodged            |    83 |    19 ||   102
